 Dungeon Crawl Stone Soup version 0.30-a0-422-g946f4849ff (webtiles) character file.

Game seed: 14226651991127653942

2135145 PanSaczeczos the Conqueror (level 27, 224/224 HPs)
             Began as a Barachi Gladiator on Dec 7, 2022.
             Was the Champion of Hepliaklqana.
             Escaped with the Orb
             ... and 4 runes on Dec 8, 2022!
             The game lasted 03:41:30 (80677 turns).

PanSaczeczos the Conqueror (Barachi Gladiator)     Turns: 80677, Time: 03:41:30

Health: 224/224    AC: 16    Str: 13 (15) XL:     27
Magic:  33/33      EV: 27    Int:  9 (10) God:    Hepliaklqana [******]
Gold:   4785       SH: 17    Dex: 25      Spells: 26/26 levels left

rFire   + . .      SeeInvis +    b - +9 hand crossbow (vorpal)
rCold   + . .      Faith    .    A - +1 kite shield {reflect}
rNeg    + + +      Spirit   .    c - +3 leather armour {rC+}
rPois   +          Reflect  +    o - +0 helmet of Impressiveness {*Slow rPois rN+++ rCorr}
rElec   +          Harm     .    Y - +2 cloak {Will+}
rCorr   +          Rampage  .    L - +0 pair of gloves of Diarus {SInv}
Will    +++..      Rage     3%   D - +2 pair of boots of Divine Intervention {rElec}
Stlth   ++........               O - amulet of regeneration
HPRegen 1.37/turn                i - +4 ring of slaying
MPRegen 0.23/turn                f - ring of protection from fire

@: studying 2 skills, slow
A: reduced essence, amphibious, slowness 1, strong legs 2, +LOS, berserk 1, low
MP 1, screaming 1, weak 1
0: Orb of Zot
}: 4/15 runes: decaying, serpentine, slimy, silver
a: Hop, Renounce Religion, Recall Ancestor, Ancestor Identity, Transference,
Idealise


You escaped.
You worshipped Hepliaklqana.
Hepliaklqana was exalted by your worship.
You visited 12 branches of the dungeon, and saw 56 of its levels.
You also visited: Sewer, Gauntlet, Ice Cave and Wizlab.

You collected 9519 gold pieces.
You spent 4734 gold pieces at shops.

Inventory:

Hand Weapons
 a - the +8 autumn katana {vorpal, manifold assault}
   (You took it off a fire giant on level 4 of the Depths)

   It sometimes launches melee attacks against multiple visible enemies.
 b - a +9 vorpal hand crossbow (weapon)
Missiles
 e - 9 silver javelins
 g - 4 throwing nets {!f}
 E - 34 atropa-tipped darts
 S - 17 curare-tipped darts
Armour
 c - a +3 leather armour of cold resistance (worn)
 o - the +0 helmet of Impressiveness (worn) {*Slow rPois rN+++ rCorr}
   (You acquired it on level 3 of the Swamp)

   rPois:     It protects you from poison.
   rN:        It renders you almost immune to negative energy.
   rCorr:     It protects you from acid and corrosion.
   *Slow:     It may slow you when you take damage.
 A - a +1 kite shield of reflection (worn)
 D - the +2 pair of boots of Divine Intervention (worn) {rElec}
   (You acquired it on level 9 of the Dungeon)

   rElec:     It insulates you from electricity.
 L - the +0 pair of gloves of Diarus (worn) {SInv}
   (You found it in a Gauntlet)

   SInv:      It lets you see invisible.
 M - the +2 ring mail of the Shore {rC+ rN+ Str+4}
   (You found it on level 3 of the Depths)

   Str:       It affects your strength (+4).
   rC:        It protects you from cold.
   rN:        It protects you from negative energy.
 Y - a +2 cloak of willpower (worn)
Jewellery
 f - a ring of protection from fire (right hand)
 i - a +4 ring of slaying (left hand)
 l - a +6 ring of dexterity
 u - the ring of Tejaxzyr {rPois rCorr Int+6 Dex+3}
   (You took it off a yaktaur captain on level 5 of the Vaults)

   [ring of poison resistance]

   Int:       It affects your intelligence (+6).
   Dex:       It affects your dexterity (+3).
   rPois:     It protects you from poison.
   rCorr:     It protects you from acid and corrosion.
 H - a +6 ring of dexterity
 O - an amulet of regeneration (around neck)
 X - a +6 ring of dexterity
Wands
 v - a wand of mindburst (32)
 y - a wand of roots (30)
 z - a wand of polymorph (34)
 C - a wand of digging (9)
 G - a wand of charming (28)
 T - a wand of quicksilver (10)
 Z - a wand of flame (43)
Scrolls
 d - 4 scrolls of blinking {!r}
 h - 3 scrolls of fear {!r}
 m - 4 scrolls of fog {!r}
 q - 9 scrolls of teleportation {!r}
 r - a scroll of magic mapping {!r}
 B - 9 scrolls of poison {!r}
 W - 4 scrolls of silence {!r}
Potions
 j - 36 potions of curing
 k - 3 potions of mutation
 n - 7 potions of magic
 t - 2 potions of invisibility
 w - 5 potions of ambrosia
 x - 5 potions of resistance
 F - 8 potions of flight
 I - a potion of haste
 J - 9 potions of might {@q3}
 K - 2 potions of cancellation
 P - 4 potions of berserk rage
 R - 7 potions of heal wounds
 U - 17 potions of lignification
Miscellaneous
 p - a lightning rod (4/4)
 s - a tin of tremorstones (inert)
 N - a box of beasts (inert)
 Q - a phial of floods
 V - a condenser vane


   Skills:
 O Level 27 Fighting
 - Level 2.0(8.4) Short Blades
 - Level 13.9(14.0) Long Blades
 - Level 3.2 Maces & Flails
 - Level 20.0 Ranged Weapons
 - Level 2.0 Throwing
 - Level 8.0 Armour
 - Level 18.2 Dodging
 - Level 10.5 Stealth
 - Level 17.0 Shields
 + Level 20.9 Invocations
 + Level 25.0 Evocations


You had 26 spell levels left.
You didn't know any spells.
Your spell library contained the following spells:

 Spells                   Type           Power      Damage    Failure   Level
 Kiss of Death            Conj/Necr      0%         2d5       63%         1
 Necrotise                Necr           0%         1d4       63%         1
 Sting                    Tmut/Pois      0%         1d3       63%         1
 Blink                    Tloc           0%         N/A       77%         2
 Ensorcelled Hibernation  Hex/Ice        0%         N/A       77%         2
 Momentum Strike          Conj/Tloc      0%         3d8       77%         2
 Passwall                 Tmut/Erth      0%         N/A       77%         2
 Poisonous Vapours        Pois/Air       0%         N/A       77%         2
 Scorch                   Fire           0%         2d5       77%         2
 Static Discharge         Conj/Air       0%         2-2/arc   77%         2
 Sublimation of Blood     Necr           0%         N/A       77%         2
 Wereblood                Tmut           0%         N/A       77%         2
 Confusing Touch          Hex            0%         N/A       94%         3
 Dazzling Flash           Conj/Hex       0%         N/A       94%         3
 Gell's Gravitas          Tloc           0%         N/A       94%         3
 Ignite Poison            Fire/Tmut/Pois 0%         N/A       94%         3
 Inner Flame              Hex/Fire       0%         N/A       94%         3
 Kindle Blastsparks       Fire/Tloc/Air  0%         2d10      94%         3
 Lesser Beckoning         Tloc           0%         N/A       94%         3
 Ozocubu's Armour         Ice            0%         N/A       94%         3
 Portal Projectile        Hex/Tloc       0%         N/A       94%         3
 Spider Form              Tmut/Pois      0%         N/A       94%         3
 Stone Arrow              Conj/Erth      0%         3d7       94%         3
 Summon Guardian Golem    Hex/Summ       0%         N/A       94%         3
 Swiftness                Air            0%         N/A       94%         3
 Teleport Other           Tloc           0%         N/A       94%         3
 Tukima's Dance           Hex            0%         N/A       94%         3
 Vampiric Draining        Necr           0%         2d6       94%         3
 Vhi's Electric Charge    Tloc/Air       0%         N/A       94%         3
 Animate Armour           Summ/Erth      0%         N/A       100%        4
 Animate Dead             Necr           0%         N/A       100%        4
 Cause Fear               Hex            0%         N/A       100%        4
 Dispel Undead            Necr           0%         3d6       100%        4
 Flame Wave               Conj/Fire      0%         2d4       100%        4
 Fulminant Prism          Conj/Hex       0%         3d5       100%        4
 Iskenderun's Mystic Bla  Conj/Tloc      0%         2d3       100%        4
 Manifold Assault         Tloc           0%         N/A       100%        4
 Olgreb's Toxic Radiance  Pois           0%         N/A       100%        4
 Passage of Golubria      Tloc           0%         N/A       100%        4
 Petrify                  Tmut/Erth      0%         N/A       100%        4
 Sticky Flame             Conj/Fire      0%         2d3       100%        4
 Summon Ice Beast         Ice/Summ       0%         N/A       100%        4
 Agony                    Necr           0%         N/A       100%        5
 Alistair's Intoxication  Tmut/Pois      0%         N/A       100%        5
 Arcjolt                  Conj/Air       0%         1d10      100%        5
 Blade Hands              Tmut           0%         N/A       100%        5
 Borgnjor's Vile Clutch   Necr/Erth      0%         N/A       100%        5
 Fireball                 Conj/Fire      0%         3d3       100%        5
 Freezing Cloud           Conj/Ice/Air   0%         6-21      100%        5
 Irradiate                Conj/Tmut      0%         3d11      100%        5
 Lee's Rapid Deconstruct  Erth           0%         3d4*      100%        5
 Lightning Bolt           Conj/Air       0%         1d11      100%        5
 Metabolic Englaciation   Hex/Ice        0%         N/A       100%        5
 Silence                  Hex/Air        0%         N/A       100%        5
 Summon Forest            Summ/Tloc      0%         N/A       100%        5
 Yara's Violent Unravell  Hex/Tmut       0%         3d3       100%        5
 Death Channel            Necr           0%         N/A       100%        6
 Dispersal                Tloc           0%         N/A       100%        6
 Eringya's Noxious Bog    Tmut/Pois      0%         N/A       100%        6
 Simulacrum               Ice/Necr       0%         N/A       100%        6
 Statue Form              Tmut/Erth      0%         N/A       100%        6
 Summon Cactus Giant      Summ           0%         N/A       100%        6
 Dragon Form              Tmut           0%         N/A       100%        7
 Enfeeble                 Hex            0%         N/A       100%        7
 Haunt                    Necr/Summ      0%         N/A       100%        7
 Malign Gateway           Summ/Tloc      0%         N/A       100%        7
 Ozocubu's Refrigeration  Ice            0%         4d7       100%        7
 Spellforged Servitor     Conj/Summ      0%         N/A       100%        7
 Storm Form               Tmut/Air       0%         N/A       100%        7
 Summon Hydra             Summ           0%         N/A       100%        7
 Borgnjor's Revivificati  Necr           0%         N/A       100%        8
 Discord                  Hex            0%         N/A       100%        8
 Ignition                 Fire           0%         3d3       100%        8
 Infestation              Necr           0%         N/A       100%        8
 Lehudib's Crystal Spear  Conj/Erth      0%         10d2      100%        8
 Maxwell's Capacitive Co  Air            0%         ∞         100%        8
 Necromutation            Tmut/Necr      0%         N/A       100%        8
 Summon Horrible Things   Summ           0%         N/A       100%        8
 Chain Lightning          Conj/Air       0%         N/A       100%        9
 Death's Door             Necr           0%         N/A       100%        9
 Dragon's Call            Summ           0%         N/A       100%        9


Dungeon Overview and Level Annotations

Branches:
Dungeon (15/15)            Temple (1/1) D:4            Lair (5/5) D:9
  Swamp (4/4) Lair:3        Snake (4/4) Lair:3        Slime (5/5) Lair:4
    Orc (2/2) D:9             Elf (3/3) Orc:2        Vaults (5/5) D:13
  Crypt (3/3) Vaults:3       Tomb (0/3) Crypt:3      Depths (4/4) D:15
    Zot (5/5) Depths:4      Sewer (visited)           IceCv (visited)
 WizLab (visited)         Gauntlet (visited)

Altars:
Ashenzari
Cheibriados
Dithmenos
Elyvilon
Fedhas
Gozag
Hepliaklqana
Kikubaaqudgha
Makhleb
Nemelex Xobeh
Okawaru
Qazlal
Ru
Sif Muna
Trog
Uskayaw
Vehumet
Wu Jian
Xom
Yredelemnul
Zin
The Shining One
Jiyva
Lugonu

Shops:
D:3 (   D:6 :   D:10 *   D:14 [   D:15 *   Orc:2 [[!*(   Elf:1 :   Elf:2 !
Elf:3 *:*:   Vaults:4 *   Vaults:5 [   Zot:2 *

Portals:
Hell: Depths:1 Depths:2* Depths:3 Depths:4
Abyss: Depths:1 Depths:3
Pandemonium: Depths:2
Ziggurat: Depths:3

Annotations:
D:12 1 runed translucent door, Rashett's ghost, journeyman MiFi
Lair:3 exclusion: downstairs
Lair:5 2 runed translucent doors, exclusion: 2 doors, MTVSty1e's ghost, journeyman MiGl
Elf:2 5 runed translucent doors, exclusion: 5 doors
Depths:1 3 runed translucent doors, Umismofe's ghost, journeyman GrFi
Zot:4 1 transporter
Zot:5 Boris


Innate Abilities, Weirdness & Mutations

Your life essence is reduced to manifest your ancestor. (-10% HP)
You are amphibious.
You cover ground slowly.
You can hop long distances.
You have an extended range of vision and can be seen from far away.
You sometimes lose your temper in combat.
Your magical capacity is low. (-10% MP)
You occasionally shout uncontrollably at your foes.
You are weak. (Str -2)


Message History

Where to? (Enter - D:1 @ (x,y), ? - help)
What level of the Dungeon? (default 1, ? - help) HP restored.
An Ice Fiend comes into view.
There is a stone staircase leading up here.
Unknown command.
The Ice Fiend gestures at you.
The bolt of cold hits Servia!
Servia resists.
You climb upwards.
There is a stone staircase leading down here.
Servia is recalled.
Unknown command.
(D) Dungeon (T) Temple (L) Lair (S) Swamp (P) Snake Pit (M) Slime Pits (O) Orcish Mines (E) Elven Halls (V) Vaults (C) Crypt (W) Tomb (U) Depths (H) Hell (Z) Zot
Where to? (Enter - D:1 @ (x,y), ? - help)
What level of the Dungeon? (default 1, ? - help)
Things that are here:
a +0 chain mail; a +0 trident Magic restored.
Things that are here:
a +0 scale mail; a +0 club; a +0 club
There is an open door here.
There is a stone staircase leading up here.
You climb upwards.
There is a stone staircase leading down here.
There is a stone staircase leading up here.
You climb upwards.
There is a stone staircase leading down here.
There is a stone staircase leading up here.
You climb upwards.
There is a stone staircase leading down, spattered with blood here.
Things that are here:
a +0 short sword; 6 stones; a +0 short sword
There is an open door here.
There is a staircase leading out of the dungeon here.
Unknown command.
You have escaped!

# #·# #·# #·# # #·# #·#
#·# # #·# #######·# #·# #
#·# #·······########·# #
######·#
#·#···#··········# #
#······#
#········######### #
#·###### ###'+++++··# #
#‰# ###··'····+··### # #·#
#····+·@R·'····# ♣ #·##
#·#··+····+··#·#########♣
···####
#·#··+····+·············♣
······#
#·##·++++++#·#·###·####·♣
·P··#·#####·####·····#·#·#
#·# #·#
··PP···················#·#
#·# #·#
#·P···········#####··###·#
#·# #·# ###########··##
#··# #·# #·####·# #··#
#··# #·# #··#····


You could see the friendly Servia the hexer.

Vanquished Creatures
  2 dread liches (Zot:5)
  An ancient lich (Crypt:3)
  Mara (Swamp:4)
  A juggernaut (Zot:5)
  7 Killer Klowns
  Saint Roka (Depths:4)
  Xtahua (Vaults:2)
  3 bone dragons
  Nikola (Swamp:3)
  6 golden dragons
  Jory (Vaults:2)
  2 hellephants
  An electric golem (Zot:5)
  16 tentacled monstrosities
  Zenata (Vaults:3)
  An Ice Fiend (D:6)
  19 Orb Guardians
  2 liches
  A titan (Depths:2)
  A walking frostbound tome (Depths:2)
  9 quicksilver dragons
  2 deep elf blademasters
  2 deep elf master archers (Elf:3)
  2 Executioners
  9 acid blobs
  6 sphinxes
  7 ancient champions (Crypt:3)
  8 death cobs
  Frances (D:13)
  3 tengu reavers
  2 thorn hunters
  8 shadow dragons
  15 storm dragons
  Donald (Swamp:4)
  5 draconian knights
  2 revenants
  13 rockslimes
  3 draconian monks
  14 azure jellies
  8 frost giants
  8 fire giants
  4 nagarajas
  6 ghost moths
  4 iron dragons
  10 vault wardens
  2 draconian scorchers
  A caustic shrike zombie (Crypt:1)
  4 deep elf sorcerers (Elf:3)
  Louise (Depths:1)
  2 juggernaut zombies
  10 ironbound preservers
  3 curse skulls
  8 ghouls
  8 draconian annihilators
  A deep elf elementalist (Elf:2)
  An orc warlord (Orc:2)
  3 draconian stormcallers
  3 war gargoyles
  8 quicksilver oozes
  7 draconian shifters
  A juggernaut skeleton (Crypt:3)
  A spriggan defender (Depths:4)
  11 very ugly things
  2 caustic shrike skeletons (Crypt:3)
  6 vampire knights
  3 eleionomae
  14 stone giants
  10 ironbound thunderhulks
  9 black draconians
  7 green draconians
  10 white draconians
  13 deep elf demonologists
  5 red draconians
  12 dire elephants
  8 purple draconians
  6 yellow draconians
  2 minotaurs
  9 deep elf annihilators
  6 bunyips
  Snorg (D:13)
  9 spark wasps
  2 eidola
  6 ettins
  10 deep elf death magi
  2 green deaths
  2 merfolk javelineers (Depths:1)
  A crystal guardian (Vaults:4)
  18 yaktaur captains
  A shambling mangrove (Swamp:3)
  6 fire dragons
  5 entropy weavers
  An entropy weaver (shapeshifter) (Vaults:5)
  2 deep elf high priests (Vaults:5)
  3 rakshasas
  28 vault guards
  A spriggan air mage (Depths:1)
  11 jiangshi
  11 great orbs of eyes
  2 salamander tyrants
  5 ogre magi
  8 ice dragons
  A ghost crab (Swamp:2)
  12 hydras
  Erolcha (D:13)
  14 centaur warriors
  A peacekeeper (Vaults:4)
  2 death knights
  9 anacondas
  20 two-headed ogres
  A radroach (shapeshifter) (Vaults:5)
  8 boulder beetles
  A fenstrider witch skeleton (Crypt:3)
  9 hell hogs (Depths:3)
  8 ironbound frosthearts
  17 dancing weapons
  5 tengu warriors
  4 alligators
  12 naga warriors
  5 deep troll earth magi
  An orc high priest (Elf:1)
  7 vampire magi
  4 deep troll shamans
  A spriggan berserker (Depths:1)
  A shock serpent (shapeshifter) (Vaults:5)
  A quicksilver ooze zombie (Crypt:1)
  Amaemon (Lair:3)
  13 deep elf knights
  12 naga sharpshooters
  2 sun demons
  2 salamander mystics
  3 soul eaters
  A storm dragon zombie (Depths:1)
  15 hell knights
  2 shadow wraiths
  22 skeletal warriors
  4 goliath frogs
  7 iron trolls
  A steelbarb worm (shapeshifter) (Vaults:5)
  6 swamp dragons
  5 flayed ghosts
  36 deep trolls
  6 naga ritualists
  10 lindwurms
  6 wizards
  7 harpies
  7 spriggan druids
  An orb spider (shapeshifter) (Vaults:4)
  3 bog bodies
  27 deep elf pyromancers
  11 deep elf archers
  21 deep elf zephyrmancers
  8 ironbound convokers
  An anaconda skeleton (Crypt:3)
  9 mana vipers
  16 phantasmal warriors
  6 necromancers
  3 orc knights
  21 ugly things
  2 orc sorcerers
  3 shining eyes
  A mana viper (shapeshifter) (Depths:4)
  6 oklob plants (Lair:4)
  An eleionoma zombie (Crypt:1)
  2 jorogumo skeletons (Crypt:1)
  4 will-o-the-wisps
  A frost giant zombie (WizLab)
  21 moths of wrath
  12 salamanders
  5 cyclopes
  A fire giant zombie (Depths:1)
  3 manticores
  24 vault sentinels
  4 elephants (Lair:4)
  A naga zombie (Crypt:1)
  An iron dragon skeleton (Crypt:3)
  11 guardian serpents
  23 black mambas
  2 eyes of devastation
  10 naga magi
  A rust devil (D:7)
  An ice statue (D:13)
  A catoblepas zombie (Crypt:2)
  An orange demon (Lair:3)
  2 centaur skeletons (Crypt:3)
  14 cane toads
  An unseen horror (D:10)
  2 hellions
  3 gargoyles
  10 freezing wraiths
  4 kobold demonologists
  A minotaur zombie (Crypt:2)
  4 rime drakes
  A komodo dragon (shapeshifter) (Vaults:3)
  A death yak skeleton (Crypt:1)
  A tormentor (Zot:3)
  8 komodo dragons
  22 yaktaurs
  A pale draconian skeleton (Crypt:2)
  4 guardian mummies (Crypt:1)
  4 trolls
  8 bloated husks
  3 meliai
  9 tyrant leeches
  12 hornets
  A polar bear (Lair:5)
  28 blink frogs
  3 harpy skeletons
  A tarantella (Vaults:1)
  67 slime creatures
  10 dream sheep
  A flying skull (Vaults:3)
  A culicivora (Vaults:4)
  A radroach zombie (Crypt:3)
  A shadow (D:11)
  2 air elementals
  3 vampires
  10 spriggans
  2 slime creature zombies
  A wyvern (D:8)
  4 fire elementals
  12 water elementals
  9 wraiths
  4 golden eyes
  8 vampire mosquitoes
  40 yaks
  A neqoxec (Depths:1)
  6 redbacks
  2 basilisks
  36 nagas
  4 swamp worm simulacra (Swamp:4)
  A fire bat zombie (Crypt:3)
  3 acid dragons
  16 swamp worms
  4 wargs
  A hell hound (Gauntlet)
  15 hydra simulacra (Swamp:4)
  3 floating eyes
  12 water moccasins
  A naga skeleton (Crypt:3)
  A sky beast (shapeshifter) (Vaults:5)
  2 swamp drakes
  25 orc warriors
  2 sky beasts (D:7)
  A black bear (D:7)
  An ice beast (D:7)
  2 ettin simulacra (Depths:3)
  31 ogres
  14 wolves
  A boggart (Elf:3)
  15 centaurs
  3 phantoms (D:9)
  6 kobold brigands
  12 bullfrogs
  5 necrophages
  A yaktaur skeleton (Crypt:2)
  A yaktaur zombie (Crypt:1)
  3 scorpions
  A salamander skeleton (Crypt:2)
  2 earth elementals
  A wyvern skeleton (Crypt:3)
  19 wights
  5 hexers
  A killer bee (D:4)
  A warg skeleton (Crypt:2)
  A howler monkey (D:10)
  2 electric eels
  A lava snake (Orc:1)
  A wolf zombie (Crypt:3)
  2 hounds (D:6)
  A jelly (D:6)
  4 human skeletons
  10 orc priests
  19 orc wizards
  A polar bear simulacrum (IceCv)
  4 hell rats (Lair:3)
  A merfolk avatar (Sewer)
  6 ogre zombies (D:9)
  Robin (D:4)
  7 gnolls
  A steam dragon zombie (Crypt:2)
  10 adders
  2 river rats (Sewer)
  3 shadow imps
  A white imp (D:7)
  3 swamp drake simulacra (Swamp:4)
  3 worms
  2 dart slugs
  60 orcs
  9 ball pythons
  6 endoplasms
  2 giant cockroaches (D:1)
  9 goblins
  7 hobgoblins
  6 jackals (D:1)
  4 quokkas
  A bat (D:1)
  An endoplasm zombie (Crypt:2)
  7 frilled lizards
  2 goblin zombies (D:9)
  2 hobgoblin skeletons (D:9)
  A hobgoblin zombie (D:9)
  A jackal skeleton (Crypt:2)
  35 kobolds
  7 kobold skeletons (D:9)
  6 kobold zombies (D:9)
  2 orc skeletons (D:9)
  13 orc zombies (D:9)
  18 rats
  A butterfly (D:3)
2006 creatures vanquished.

Vanquished Creatures (collateral kills)
  the Royal Jelly (Slime:5)
  Tiamat (Zot:2)
  3 orbs of fire
  An ancient lich (Zot:5)
  Boris (Depths:4)
  Margery (Vaults:2)
  Vashnia (Snake:2)
  A golden dragon (Zot:5)
  An electric golem (Zot:5)
  5 tentacled monstrosities
  A lich (Depths:3)
  8 Orb Guardians
  2 quicksilver dragons (Zot:1)
  A titan (Vaults:5)
  4 acid blobs
  2 death cobs (Zot:3)
  2 ancient champions
  A deep elf blademaster (Elf:3)
  A tengu reaver (Depths:3)
  2 storm dragons
  2 shadow dragons
  3 azure jellies
  2 fire giants
  3 vault wardens
  3 draconian knights
  A frost giant (Depths:3)
  An iron dragon (Vaults:4)
  3 draconian scorchers
  A curse skull (Vaults:3)
  2 ghouls (Crypt:2)
  2 ironbound preservers
  6 very ugly things
  5 quicksilver oozes
  A quicksilver ooze (shapeshifter) (Depths:2)
  A stone giant (Depths:2)
  An ironbound thunderhulk (Vaults:1)
  A rockslime zombie (Crypt:1)
  2 black draconians (Zot:2)
  3 dire elephants
  3 vampire knights
  2 green draconians
  2 purple draconians
  2 white draconians
  A bunyip (Swamp:3)
  Azrael (Snake:3)
  A spark wasp (Depths:3)
  2 red draconians
  2 ettins (Depths:3)
  5 deep elf death magi
  2 jiangshi
  A merfolk impaler (Depths:1)
  An eidolon (Crypt:1)
  A deep elf high priest (Elf:3)
  An entropy weaver (Vaults:1)
  A fire dragon (Depths:2)
  A hell beast (Depths:3)
  3 great orbs of eyes
  A catoblepas (Lair:5)
  3 centaur warriors
  A rakshasa (Depths:2)
  An anaconda (Snake:4)
  A hydra (Swamp:2)
  A peacekeeper (Vaults:4)
  A spriggan skeleton (Crypt:3)
  A vault guard (Vaults:5)
  A death knight (D:15)
  2 spriggan air magi
  3 dancing weapons
  2 boulder beetles
  3 alligators
  A deep troll shaman (Depths:3)
  4 hell hogs (Depths:3)
  2 ironbound frosthearts
  A naga warrior (Snake:4)
  2 two-headed ogres
  Urug (Lair:1)
  3 naga sharpshooters
  Sonja (D:13)
  4 titan skeletons (Crypt:3)
  4 spriggans
  2 deep elf knights (Elf:3)
  3 hell knights
  5 skeletal warriors (Crypt:1)
  15 deep trolls
  A spriggan druid (Swamp:2)
  An anaconda skeleton (Crypt:3)
  3 naga ritualists (Snake:4)
  2 bog bodies
  4 phantasmal warriors
  3 ironbound convokers
  5 harpies
  2 deep elf archers (Elf:3)
  A necromancer (Crypt:1)
  2 wizards (Vaults:4)
  A bunyip skeleton (Crypt:3)
  2 mana vipers
  A lindwurm (Vaults:1)
  2 ugly things
  5 deep elf pyromancers
  A deep elf zephyrmancer (Elf:1)
  A will-o-the-wisp (Swamp:4)
  A fire giant zombie (Crypt:1)
  2 salamanders (Snake:3)
  4 black mambas
  2 elephants (Lair:3)
  3 moths of wrath
  2 naga magi
  4 guardian serpents
  2 centaur skeletons (Crypt:3)
  3 cane toads
  2 kobold demonologists (D:12)
  6 yaktaurs
  3 komodo dragons
  An anaconda simulacrum (IceCv)
  A tengu conjurer (Elf:3)
  A guardian mummy (Crypt:1)
  A polar bear (Lair:4)
  A minotaur skeleton (Crypt:3)
  A tyrant leech (Lair:4)
  2 hornets (Swamp:1)
  A tarantella (shapeshifter) (Vaults:5)
  4 blink frogs
  26 slime creatures
  7 dream sheep (Lair:5)
  A jumping spider (Vaults:4)
  3 water elementals (Depths:1)
  An air elemental (Elf:2)
  7 yaks
  2 fire elementals (Snake:3)
  2 wraiths
  A fire bat (Gauntlet)
  A vampire mosquito (Lair:4)
  2 redbacks
  5 wargs
  A faun zombie (Crypt:3)
  A swamp worm (Swamp:2)
  4 nagas
  A hell hound (Snake:3)
  A water moccasin (Lair:3)
  3 orc warriors (D:9)
  2 ogres
  2 ice beasts
  An ettin simulacrum (Depths:3)
  A swamp drake (Swamp:2)
  A black bear (D:7)
  A wolf (Lair:3)
  A centaur (D:14)
  A snapping turtle skeleton (Crypt:2)
  5 kobold brigands
  6 bullfrogs
  2 earth elementals
  A necrophage (Swamp:4)
  A wight (Crypt:3)
  A troll zombie (D:9)
  A hound (D:6)
  2 orc priests
  5 orc wizards
  2 iguanas
  A merfolk siren (Sewer)
  2 hell rats (Lair:3)
  An ogre zombie (D:9)
  2 mummies (Crypt:1)
  An adder (Sewer)
  2 river rats (Sewer)
  A swamp drake simulacrum (Swamp:4)
  9 orcs
  2 ball pythons (Sewer)
  3 giant cockroaches (Sewer)
  A goblin (D:4)
  A hobgoblin (D:4)
  A quokka (D:3)
  3 training dummies (Orc:2)
  A gnoll skeleton (Crypt:1)
  2 goblin zombies (D:9)
  2 hobgoblin zombies (D:9)
  5 kobolds (D:9)
  3 kobold skeletons (D:9)
  2 kobold zombies (D:9)
  An orc zombie (D:9)
  6 rats (Sewer)
425 creatures vanquished.

Vanquished Creatures (others)
  An ancient lich (Vaults:5)
  A fire giant (Depths:2)
  A draconian annihilator (Zot:1)
  A green draconian (Zot:2)
  A purple draconian (Zot:2)
  A moth of wrath (Zot:1)
  A will-o-the-wisp (Swamp:4)
  88 hexers
  3 ancestors
  A demonic plant (Gauntlet)
  12 foxfires
  43 fungi
  95 plants
249 creatures vanquished.

Grand Total: 2680 creatures vanquished

Notes
Turn   | Place    | Note
-------+----------+-------------------------------------------
     0 | D:1      | PanSaczeczos the Barachi Gladiator began the quest for the
                  | Orb.
     0 | D:1      | Reached XP level 1. HP: 17/17 MP: 1/1
   202 | D:1      | Reached skill level 3 in Fighting
   247 | D:1      | Reached XP level 2. HP: 20/24 MP: 2/2
   712 | D:1      | Reached skill level 4 in Fighting
   722 | D:1      | Reached XP level 3. HP: 29/30 MP: 3/3
   801 | D:1      | Reached skill level 1 in Stealth
  1072 | D:2      | Found a faded altar of an unknown god.
  1100 | D:2      | Reached skill level 1 in Short Blades
  1344 | D:2      | Reached XP level 4. HP: 37/37 MP: 4/4
  2074 | D:3      | Found a hazy altar of Hepliaklqana.
  2080 | D:3      | Became a worshipper of Hepliaklqana the Forgotten
  2148 | D:3      | Reached skill level 1 in Armour
  2285 | D:2      | Reached XP level 5. HP: 43/43 MP: 5/5
  2523 | D:3      | Found Coluru's Weapon Shop.
  2528 | D:3      | Found a blossoming altar of Fedhas.
  2577 | D:3      | Found a stormy altar of Qazlal.
  2639 | D:3      | Found a shimmering altar of Xom.
  2759 | D:3      | Found an opulent altar of Gozag.
  2759 | D:3      | Found a sparkling altar of Nemelex Xobeh.
  2765 | D:3      | Found a broken altar of Ashenzari.
  2767 | D:3      | Found a hide-covered altar of Uskayaw.
  2768 | D:3      | Found a shadowy altar of Dithmenos.
  2771 | D:3      | Found a sacrificial altar of Ru.
  2776 | D:3      | Found a glowing golden altar of the Shining One.
  2817 | D:3      | Reached * piety under Hepliaklqana
  3368 | D:4      | Noticed Robin
  3388 | D:4      | Killed Robin
  3389 | D:4      | Reached skill level 5 in Fighting
  3389 | D:4      | Reached skill level 1 in Ranged Weapons
  3564 | D:4      | Reached XP level 6. HP: 40/45 MP: 6/6
  3663 | D:4      | Found a staircase to the Ecumenical Temple.
  3769 | D:4      | Found a glowing drain.
  3774 | Sewer    | Entered a sewer
  3847 | Sewer    | Reached ** piety under Hepliaklqana
  3848 | Sewer    | Remembered your ancestor Servia as a hexer
  3858 | Sewer    | Reached skill level 6 in Fighting
  4111 | Sewer    | Reached skill level 1 in Invocations
  4987 | D:5      | Entered Level 5 of the Dungeon
  5131 | Temple   | Entered the Ecumenical Temple
  5293 | D:5      | Reached XP level 7. HP: 52/52 MP: 8/8
  5330 | D:5      | Found a bloodstained altar of Trog.
  5601 | D:5      | Found the +3 greatsling "Punk" {acid, rCorr}
  5881 | D:6      | Reached skill level 5 in Ranged Weapons
  5907 | D:6      | Reached XP level 8. HP: 57/57 MP: 9/9
  5918 | D:6      | Reached *** piety under Hepliaklqana
  6039 | D:6      | Reached skill level 7 in Fighting
  6170 | D:6      | Reached skill level 5 in Dodging
  6316 | D:6      | Found Kagonack's Book Shoppe.
  6577 | D:7      | Noticed a gargoyle
  6623 | D:7      | Noticed a boulder beetle
  6735 | D:7      | Killed a gargoyle
  6736 | D:7      | Reached XP level 9. HP: 64/64 MP: 10/10
  7233 | D:7      | Reached skill level 1 in Evocations
  7581 | D:8      | Reached **** piety under Hepliaklqana
  7728 | D:7      | Killed a boulder beetle
  7729 | D:7      | Reached skill level 10 in Ranged Weapons
  8750 | D:9      | Reached XP level 10. HP: 71/71 MP: 13/13
  8772 | D:9      | Reached skill level 8 in Fighting
  9097 | D:9      | Found a staircase to the Orcish Mines.
  9628 | D:9      | Found a staircase to the Lair.
  9875 | D:9      | Noticed a two-headed ogre
  9879 | D:9      | Killed a two-headed ogre
  9880 | D:9      | Reached skill level 9 in Fighting
  9880 | D:9      | Reached skill level 5 in Invocations
 10020 | D:9      | Found an ancient bone altar of Kikubaaqudgha.
 10020 | D:9      | Noticed a kobold demonologist
 10021 | D:9      | Noticed a sun demon
 10028 | D:9      | Killed a kobold demonologist
 10318 | D:9      | Noticed a boulder beetle
 10325 | D:9      | Killed a boulder beetle
 10326 | D:9      | Reached skill level 10 in Fighting
 10326 | D:9      | Reached XP level 11. HP: 81/81 MP: 14/14
 10411 | D:9      | Reached ***** piety under Hepliaklqana
 10661 | D:9      | Identified a scroll of acquirement {!r}
 10661 | D:9      | Acquired the +2 pair of boots of Divine Intervention
                  | {rElec}
 10669 | Lair:1   | Entered Level 1 of the Lair of Beasts
 10837 | Lair:1   | Noticed Urug
 10842 | Lair:1   | HP: 19/81 [blink frog (12)]
 10859 | Lair:1   | Found a gate leading to a gauntlet.
 10896 | Gauntlet | Entered a Gauntlet
 10896 | Gauntlet | Found a transporter.
 10898 | Gauntlet | Found a transporter.
 10901 | Gauntlet | Noticed a dire elephant
 10914 | Gauntlet | Found a transporter.
 10918 | Gauntlet | Found a transporter.
 10930 | Gauntlet | Noticed a dire elephant
 10935 | Gauntlet | Found a transporter.
 10946 | Gauntlet | Found a runed translucent door.
 10948 | Gauntlet | Found a transporter.
 10949 | Gauntlet | Noticed a hell beast
 10951 | Gauntlet | Found a runed translucent door.
 10953 | Gauntlet | Found a transporter.
 10957 | Gauntlet | Found a transporter.
 10972 | Gauntlet | Noticed a balrug
 10976 | Gauntlet | Found a transporter.
 10994 | Gauntlet | Found a transporter.
 10997 | Gauntlet | Found a transporter.
 10999 | Gauntlet | Noticed a large abomination
 11006 | Gauntlet | Found a transporter.
 11031 | Gauntlet | Noticed a hell hog
 11132 | Gauntlet | Identified the +0 pair of gloves of Diarus {SInv}
 11137 | Gauntlet | Identified the +7 hand axe of Bread {vorpal, rElec rN+ MP+9
                  | SInv}
 11219 | Gauntlet | Identified the +1 scale mail of Fortitude {Rampage rPois
                  | rF++ Will- Int+4}
 11219 | Gauntlet | Noticed a minotaur
 11230 | Gauntlet | Killed a minotaur
 11416 | Lair:1   | Reached skill level 11 in Fighting
 11709 | Lair:1   | Killed Urug
 12284 | Lair:2   | Reached XP level 12. HP: 90/90 MP: 16/16
 12432 | Lair:2   | Reached skill level 12 in Fighting
 12432 | Lair:2   | Reached skill level 1 in Long Blades
 12647 | Lair:3   | Noticed Amaemon
 12657 | Lair:3   | Killed Amaemon
 12734 | Lair:3   | Found a staircase to the Swamp.
 12978 | D:3      | Bought the +10 longbow of Untimely Demise {freeze, rCorr
                  | SInv} for 785 gold pieces
 13350 | Lair:3   | You fall into a shaft and drop 1 floor!
 13518 | Lair:3   | Found a staircase to the Snake Pit.
 13568 | Lair:3   | Noticed a four-headed hydra
 13574 | Lair:3   | Killed a four-headed hydra
 14687 | Lair:4   | Gained mutation: You can hop long distances. [Barachi
                  | growth]
 14687 | Lair:4   | Reached XP level 13. HP: 97/97 MP: 19/19
 15096 | Lair:4   | Reached skill level 15 in Ranged Weapons
 15205 | Lair:4   | Found a viscous altar of Jiyva.
 15277 | Lair:4   | Found a staircase to the Slime Pits.
 15340 | Lair:4   | Reached skill level 13 in Fighting
 15584 | Lair:5   | Entered Level 5 of the Lair of Beasts
 15584 | Lair:5   | Reached ****** piety under Hepliaklqana
 15633 | Lair:5   | Reached skill level 5 in Armour
 16100 | Lair:5   | Found a large runed translucent door.
 16100 | Lair:5   | Found a large runed translucent door.
 16108 | Lair:5   | Noticed MTVSty1e's ghost (journeyman MiGl)
 16116 | Lair:5   | Reached skill level 14 in Fighting
 16123 | Lair:5   | Reached XP level 14. HP: 108/108 MP: 20/20
 16238 | Lair:5   | Reached skill level 5 in Evocations
 16928 | Orc:1    | Entered Level 1 of the Orcish Mines
 17188 | Orc:1    | Reached skill level 15 in Fighting
 17613 | Orc:2    | Entered Level 2 of the Orcish Mines
 18111 | Orc:2    | Found Jacy's Firing Range.
 18217 | Orc:2    | Found a staircase to the Elven Halls.
 18219 | Orc:2    | Reached skill level 10 in Invocations
 18276 | Orc:2    | Reached XP level 15. HP: 116/116 MP: 22/22
 18342 | Orc:2    | Found Mofefen's Armour Emporium.
 18342 | Orc:2    | Found Subi's Assorted Antiques.
 18344 | Orc:2    | Found Qiag's Antique Armour Boutique.
 18344 | Orc:2    | Found Baxuenaud's Distillery.
 18489 | Orc:2    | Bought an embroidered scarf for 264 gold pieces
 18491 | Orc:2    | Bought a potion of curing for 48 gold pieces
 18491 | Orc:2    | Bought a potion of heal wounds for 80 gold pieces
 18491 | Orc:2    | Bought a potion of heal wounds for 80 gold pieces
 18491 | Orc:2    | Bought a potion of curing for 48 gold pieces
 18510 | Orc:1    | Noticed an orc warlord
 18539 | Orc:2    | Reached skill level 10 in Dodging
 18573 | Orc:2    | Killed an orc warlord
 18730 | Orc:2    | Bought a +0 hand crossbow for 52 gold pieces
 18797 | D:10     | Entered Level 10 of the Dungeon
 18850 | D:10     | Found Wuinaqav's Demolitions Depot.
 19131 | D:10     | Found a shimmering blue altar of Sif Muna.
 19142 | D:10     | Found an ancient bone altar of Kikubaaqudgha.
 19150 | D:10     | Got Kikubaaqudgha's Handbook of Malignant Liturgies
 19157 | D:10     | Found a radiant altar of Vehumet.
 20106 | D:11     | Found a broken altar of Ashenzari.
 20159 | D:11     | Reached skill level 16 in Fighting
 20163 | D:11     | Found a frozen archway.
 20168 | IceCv    | Entered an ice cave
 21178 | D:12     | Found a runed translucent door.
 21180 | D:12     | Noticed Rashett's ghost (journeyman MiFi)
 21809 | D:13     | Noticed Sonja
 21809 | D:13     | Noticed Frances
 21816 | D:13     | Killed Sonja
 21820 | D:13     | Killed Frances
 21824 | D:13     | Noticed Erolcha
 21828 | D:13     | Killed Erolcha
 22226 | D:13     | Noticed Snorg
 22234 | D:13     | Killed Snorg
 22274 | D:13     | Found a gate to the Vaults.
 23169 | D:14     | Found Qaaf's Antique Armour Boutique.
 23215 | D:14     | Bought a brightly glowing ring mail for 270 gold pieces
 23215 | D:14     | Identified the +1 ring mail "Rifriwesch" {Str+5 Stlth+}
                  | (You bought it in a shop on level 14 of the Dungeon)
 24216 | D:15     | Entered Level 15 of the Dungeon
 24516 | D:15     | Found Seskadwa's General Store.
 24720 | D:15     | Reached XP level 16. HP: 124/124 MP: 24/24
 24790 | D:15     | Found a staircase to the Depths.
 25138 | D:15     | Reached skill level 17 in Fighting
 25367 | D:15     | Upgraded the game from 0.30-a0-404-g0b3c3f4973 to
                  | 0.30-a0-422-g946f4849ff
 25602 | Swamp:1  | Entered Level 1 of the Swamp
 26391 | Swamp:2  | Reached skill level 18 in Fighting
 26839 | Swamp:2  | Reached skill level 19 in Fighting
 27076 | Swamp:3  | Acquired the +0 helmet of Impressiveness {*Slow rPois rN+++
                  | rCorr}
 27365 | Swamp:3  | Found an ornate altar of the Wu Jian Council.
 27368 | Swamp:3  | Noticed a thorn hunter
 27378 | Swamp:3  | Killed a thorn hunter
 27384 | Swamp:3  | Noticed Nikola
 27395 | Swamp:3  | Killed Nikola
 27405 | Swamp:3  | Reached XP level 17. HP: 137/137 MP: 23/25
 27764 | Swamp:4  | Entered Level 4 of the Swamp
 28077 | Swamp:4  | Noticed Mara
 28300 | Snake:1  | Entered Level 1 of the Snake Pit
 28305 | Snake:1  | Reached skill level 10 in Evocations
 28451 | Snake:1  | Identified the +0 scale mail of Bad Feelings {Int+6}
 29549 | Snake:2  | Found a glowing golden altar of the Shining One.
 30107 | Snake:2  | Noticed Vashnia
 30740 | Snake:2  | HP: 29/137 [Vashnia/arrow (18)]
 30862 | Snake:2  | Killed Vashnia
 31214 | Snake:3  | Reached skill level 20 in Fighting
 31337 | Snake:3  | Reached XP level 18. HP: 145/145 MP: 27/27
 31580 | Snake:3  | Noticed Azrael
 31589 | Snake:3  | Killed Azrael
 31638 | Snake:4  | Entered Level 4 of the Snake Pit
 32659 | Snake:4  | Reached skill level 5 in Long Blades
 33614 | Snake:4  | Got a serpentine rune of Zot
 33909 | D:14     | Bought a dyed leather armour for 150 gold pieces
 33909 | D:14     | Bought a glowing leather armour for 150 gold pieces
 33909 | D:14     | Bought a glowing robe for 111 gold pieces
 34207 | Swamp:4  | Reached skill level 21 in Fighting
 34375 | Swamp:4  | Noticed PanSaczeczos's illusion
 34487 | Swamp:4  | Killed Mara
 35156 | Swamp:4  | Noticed Donald
 35163 | Swamp:4  | Killed Donald
 35845 | Swamp:4  | Got a decaying rune of Zot
 36049 | Elf:1    | Entered Level 1 of the Elven Halls
 36075 | Elf:1    | Found Utabefuo's One-of-a-Kind Books.
 36091 | Elf:1    | Paralysed by an air elemental for 1 turns
 36215 | Elf:1    | Reached XP level 19. HP: 154/154 MP: 29/29
 36789 | Elf:1    | Found a runed translucent gate.
 36789 | Elf:1    | Found a runed translucent gate.
 36789 | Elf:1    | Found a runed translucent gate.
 36789 | Elf:1    | Found a runed translucent gate.
 36789 | Elf:1    | Found a runed translucent gate.
 36793 | Elf:1    | Found a runed translucent gate.
 37297 | Elf:2    | Found Kiestrig's Distillery.
 37305 | Elf:2    | Paralysed by an air elemental for 1 turns
 37308 | Elf:2    | Paralysed by an air elemental for 1 turns
 37312 | Elf:2    | Paralysed by an air elemental for 1 turns
 37406 | Elf:2    | Bought a potion of cancellation for 128 gold pieces
 37406 | Elf:2    | Bought a potion of heal wounds for 80 gold pieces
 37406 | Elf:2    | Bought a potion of heal wounds for 80 gold pieces
 37406 | Elf:2    | Bought a potion of resistance for 160 gold pieces
 37406 | Elf:2    | Bought a potion of curing for 48 gold pieces
 37406 | Elf:2    | Bought a potion of haste for 160 gold pieces
 37700 | Elf:2    | Identified the +3 ring mail "Nuvvy" {Harm MP+9}
 37826 | Elf:2    | Found a huge runed translucent gate.
 37828 | Elf:2    | Found a huge runed translucent gate.
 37832 | Elf:2    | Found a huge runed translucent gate.
 37832 | Elf:2    | Found a huge runed translucent gate.
 37833 | Elf:2    | Found a huge runed translucent gate.
 38063 | Elf:3    | Entered Level 3 of the Elven Halls
 38081 | Elf:3    | Found Naacuosai's Book Shoppe.
 38083 | Elf:3    | Found Edaggoemui's Book Emporium.
 38083 | Elf:3    | Found Ujosti Qourgh's General Store.
 38091 | Elf:3    | Found Qaereont's General Store.
 38096 | Elf:3    | Reached skill level 22 in Fighting
 38096 | Elf:3    | Reached skill level 1 in Shields
 38104 | Elf:3    | Bought a scroll of teleportation for 45 gold pieces
 38126 | Elf:3    | Bought the +2 cloak of the Tarantula {Fly Regen+ Dex+3} for
                  | 448 gold pieces
 38526 | Elf:3    | Reached skill level 5 in Shields
 38998 | Elf:3    | Identified the +7 falchion "Quxych" {freeze, Will+}
 39532 | Elf:3    | Reached XP level 20. HP: 163/163 MP: 30/30
 39571 | Elf:3    | Identified the +1 scale mail of Intuition {Rampage}
 39811 | Elf:3    | Got the Catalogue of Conflict
 39877 | Elf:3    | Identified the amulet "Beulesk" {RegenMP rPois Will- Regen+
                  | Slay+3}
 40220 | Elf:3    | Identified the amulet of Qoyre {Acrobat Harm Str+5 Stlth+}
 40245 | Elf:3    | Paralysed by an air elemental for 1 turns
 40423 | Elf:3    | Identified the +0 rapier "Lynepto" {pain, rN+ Will- Stlth+}
 40428 | Elf:3    | Identified the +0 chain mail of the Guardian {Harm rCorr
                  | Int+6 Slay-5}
 40504 | Elf:3    | Identified the +1 dagger "Ilereuvysh" {flame, rC+ Str+5
                  | Int-5}
 40522 | Elf:3    | Got the Reference Book on Energetic Vitiation
 40526 | Elf:3    | Got Sif Muna's Thorough Guide to Secret Knowledge
 41065 | Vaults:1 | Entered Level 1 of the Vaults
 41142 | Vaults:1 | Reached skill level 10 in Shields
 41289 | Vaults:1 | Found a magical portal.
 41294 | WizLab   | Entered Doroklohe's Tomb
 41886 | Vaults:1 | Reached skill level 15 in Invocations
 43497 | Vaults:2 | Reached XP level 21. HP: 170/170 MP: 33/33
 43878 | Vaults:2 | Noticed Xtahua
 43894 | Vaults:2 | Killed Xtahua
 44189 | Vaults:2 | Noticed Margery
 44197 | Vaults:2 | Noticed Jory
 44206 | Vaults:2 | Killed Margery
 44396 | Vaults:2 | Killed Jory
 45778 | Vaults:3 | You fall into a shaft and drop 1 floor!
 45934 | Vaults:4 | Identified the +7 morningstar of the Lair of Beasts
                  | {vorpal, Int+5 Dex+4}
 46336 | Vaults:4 | Reached skill level 10 in Long Blades
 46885 | Vaults:3 | Identified the +1 ring mail "Haobyd" {rPois}
 47008 | Vaults:3 | Reached XP level 22. HP: 120/176 MP: 34/34
 47275 | Vaults:3 | Noticed Zenata
 47288 | Vaults:3 | Killed Zenata
 47289 | Vaults:3 | Reached skill level 15 in Shields
 47411 | Vaults:3 | Found the ring of the Octopus King {HP+2 AC+2 EV+2 SH+2
                  | SInv}
 47658 | Vaults:3 | Found a staircase to the Crypt.
 48590 | Vaults:4 | Found Xeff's General Store.
 48599 | Vaults:4 | Bought a scroll of teleportation for 63 gold pieces
 48599 | Vaults:4 | Bought a scroll of enchant weapon for 157 gold pieces
 49008 | Crypt:1  | Entered Level 1 of the Crypt
 49066 | Crypt:1  | Reached skill level 23 in Fighting
 50173 | Crypt:1  | You fall into a shaft and drop 1 floor!
 50805 | Crypt:1  | Reached skill level 15 in Evocations
 51638 | Crypt:2  | Reached XP level 23. HP: 185/185 MP: 35/35
 52059 | Crypt:3  | Entered Level 3 of the Crypt
 52543 | Crypt:3  | Reached skill level 5 in Stealth
 53167 | Crypt:3  | Got the Tome of Exhumation
 53686 | Crypt:3  | Found a staircase to the Tomb.
 53892 | Crypt:3  | Noticed an ancient lich
 53918 | Crypt:3  | Killed an ancient lich
 54116 | Crypt:3  | Identified the +1 robe of the Transmuting Gods {Harm rCorr}
 54130 | Crypt:3  | Identified the +8 flail of Defence {venom, Fly rPois Int+5}
 54134 | Crypt:3  | Identified the +2 short sword of the Thieving Gods {vamp,
                  | *Slow rElec rN+ Stlth+}
 54954 | Depths:1 | Entered Level 1 of the Depths
 55336 | Depths:1 | Found a one-way gate to the infinite horrors of the Abyss.
 55350 | Depths:1 | Noticed Louise
 55353 | Depths:1 | Killed Louise
 55527 | Depths:1 | Found a runed translucent gate.
 55527 | Depths:1 | Found a runed translucent gate.
 55527 | Depths:1 | Found a runed translucent gate.
 55527 | Depths:1 | Noticed Umismofe's ghost (journeyman GrFi)
 55529 | Depths:1 | Found a basalt altar of Yredelemnul.
 55544 | Depths:1 | Reached skill level 24 in Fighting
 55572 | Depths:1 | Found a gateway to Hell.
 55987 | Depths:2 | Found a one-way gate leading to the halls of Pandemonium.
 56416 | Depths:2 | Identified the +1 plate armour "Suta" {rElec rF+ Int+4
                  | Slay+3}
 57195 | Depths:2 | Reached XP level 24. HP: 195/195 MP: 35/35
 57780 | Depths:3 | Found a one-way gateway to a ziggurat.
 57804 | Depths:3 | Found a sacrificial altar of Ru.
 57891 | Depths:3 | Identified the +2 ring mail of the Shore {rC+ rN+ Str+4}
 58224 | Depths:3 | Found a corrupted altar of Lugonu.
 58873 | Depths:4 | Entered Level 4 of the Depths
 58919 | Depths:4 | Noticed Boris
 58926 | Depths:4 | Killed Boris
 58935 | Depths:4 | Noticed Saint Roka
 59032 | Depths:4 | Killed Saint Roka
 59563 | Depths:4 | Identified the +7 trident "Ximn" {drain, *Rage rElec rN+
                  | Int+5}
 60514 | Depths:4 | Found a gate to the Realm of Zot.
 61312 | D:10     | Bought a manual of Evocations for 880 gold pieces
 61312 | D:10     | Bought a wand of roots (3) for 79 gold pieces
 61536 | Vaults:5 | Entered Level 5 of the Vaults
 61542 | Vaults:5 | Noticed an ancient lich
 61644 | Vaults:5 | Acquired a manual of Dodging
 61732 | Vaults:5 | Reached XP level 25. HP: 200/200 MP: 36/36
 62383 | Vaults:5 | Identified the +1 robe "Wuhesaqu" {Str+6}
 62411 | Vaults:5 | Identified the ring of Tejaxzyr {rPois rCorr Int+6 Dex+3}
 62418 | Vaults:5 | Killed an ancient lich
 62741 | Vaults:5 | Got a silver rune of Zot
 62758 | Vaults:5 | Identified the ring of Light {Fly rC+ rN+ Dex-5}
 62854 | Vaults:5 | Got the Handbook of Calefaction and Command
 62925 | Vaults:5 | Identified the ring of Taissuf {rElec rC- rCorr EV+4
                  | Stlth+}
 63254 | Vaults:5 | Identified the amulet "Cujaypn" {Faith rF+ Int+2}
 63524 | Vaults:5 | Found Vudie's Antique Armour Shoppe.
 63531 | Vaults:5 | Got Unkathra's Vademecum on Illusion and Grit
 65188 | Slime:1  | Entered Level 1 of the Pits of Slime
 65236 | Slime:3  | You fall into a shaft and drop 1 floor!
 65435 | Slime:3  | Gained mutation: You occasionally lose the ability to drink
                  | potions when taking damage. [a shining eye]
 65436 | Slime:3  | Gained mutation: Your magical capacity is low. (-10% MP) [a
                  | shining eye]
 65682 | Slime:3  | Reached skill level 10 in Stealth
 66231 | Slime:5  | Entered Level 5 of the Pits of Slime
 66482 | Slime:5  | Gained mutation: You occasionally shout uncontrollably at
                  | your foes. [a shining eye]
 66583 | Slime:4  | Reached XP level 26. HP: 207/209 MP: 32/32
 67028 | Slime:5  | Found a viscous altar of Jiyva.
 67028 | Slime:5  | Noticed the Royal Jelly
 67104 | Slime:5  | HP: 50/209 [azure jelly[the Royal Jelly] (5)]
 67926 | Slime:5  | Found the ring of the Octopus King
 68118 | Slime:5  | Killed the Royal Jelly
 68307 | Slime:5  | Identified a ring of the Octopus King {Wiz HP+2 AC+2 EV+2
                  | SH+2}
 68335 | Slime:5  | Got a slimy rune of Zot
 68431 | Slime:5  | Identified the ring of Autotheism {Int+4 SInv}
 68455 | Slime:5  | Identified the +1 plate armour "Bid Nexu" {+Blink rPois}
 69398 | Zot:1    | Entered Level 1 of the Realm of Zot
 69667 | Zot:1    | Reached skill level 25 in Fighting
 70787 | Zot:2    | Found the +4 dragonskin cloak
 70787 | Zot:2    | Noticed Tiamat
 70945 | Zot:2    | Found Lesterad's Changing Room.
 70965 | Zot:2    | Bought 2 potions of mutation for 368 gold pieces
 72454 | Zot:2    | HP: 47/212 [Tiamat/+1 vampiric glaive (50)]
 72655 | Zot:2    | Killed Tiamat
 72656 | Zot:2    | Reached skill level 15 in Dodging
 74409 | Zot:3    | Reached XP level 27. HP: 219/219 MP: 33/33
 75819 | Zot:4    | Reached skill level 26 in Fighting
 75865 | Zot:4    | Found a radiant altar of Vehumet.
 75870 | Zot:4    | Found a transporter.
 76025 | Zot:4    | Noticed an orb of fire
 76031 | Zot:4    | Killed an orb of fire
 76138 | Zot:4    | Noticed an ancient lich
 76335 | Zot:4    | Noticed an ancient lich
 76842 | Zot:5    | Entered Level 5 of the Realm of Zot
 77491 | Zot:5    | Reached skill level 27 in Fighting
 77537 | Zot:5    | Noticed a dread lich
 77551 | Zot:5    | Killed a dread lich
 77658 | Zot:5    | Noticed a dread lich
 77666 | Zot:5    | Killed a dread lich
 77940 | Zot:5    | Noticed an orb of fire
 77948 | Zot:5    | Killed an orb of fire
 78689 | Zot:5    | Noticed an orb of fire
 78696 | Zot:5    | Gained mutation: You sometimes lose your temper in combat.
                  | [an orb of fire]
 78700 | Zot:5    | Gained mutation: You occasionally lose the ability to read
                  | scrolls when taking damage. [an orb of fire]
 78701 | Zot:5    | Gained mutation: You are weak. (Str -2) [an orb of fire]
 78701 | Zot:5    | Killed an orb of fire
 78722 | Zot:5    | HP: 44/224 [Orb Guardian (15)]
 78867 | Zot:5    | Lost mutation: You are weak. (Str -2) [potion of mutation]
 78867 | Zot:5    | Lost mutation: You occasionally shout uncontrollably at
                  | your foes. [potion of mutation]
 78867 | Zot:5    | Lost mutation: You occasionally lose the ability to drink
                  | potions when taking damage. [potion of mutation]
 78867 | Zot:5    | Gained mutation: You have an uncontrollable temper. [potion
                  | of mutation]
 78868 | Zot:5    | Lost mutation: You occasionally lose the ability to read
                  | scrolls when taking damage. [potion of mutation]
 78868 | Zot:5    | Lost mutation: Your magical capacity is low. (-10% MP)
                  | [potion of mutation]
 78868 | Zot:5    | Lost mutation: You have an uncontrollable temper. [potion
                  | of mutation]
 78868 | Zot:5    | Gained mutation: You are weak. (Str -2) [potion of
                  | mutation]
 78868 | Zot:5    | Gained mutation: Your magical capacity is low. (-10% MP)
                  | [potion of mutation]
 78868 | Zot:5    | Gained mutation: You occasionally shout uncontrollably at
                  | your foes. [potion of mutation]
 79248 | Zot:5    | Noticed an ancient lich
 79257 | Zot:5    | Killed an ancient lich
 79945 | Zot:5    | a Killer Klown changed into a juggernaut
 79945 | Zot:5    | Noticed a juggernaut
 79952 | Zot:5    | Killed a juggernaut
 80060 | Zot:5    | Got the Orb of Zot
 80077 | Zot:5    | Noticed Boris
 80127 | Zot:1    | Noticed Duesem the pandemonium lord
 80210 | Depths:3 | Noticed Luesarach the pandemonium lord
 80402 | D:12     | Noticed an ancient lich
 80677 | D:$      | Escaped with the Orb!

Illustrated notes

Levels and vault maps discovered:
D:1:      lightli_arrival_maybe_door_vault, layout_loops_ring, serial_forest,
          infiniplex_forest_end_1, infiniplex_forest_end_2,
          infiniplex_forest_lined_corner, infiniplex_forest_lined_2,
          infiniplex_forest_end_2, infiniplex_forest_clump_tiny,
          infiniplex_forest_fountain, infiniplex_forest_diagonal
D:2:      layout_basic, nicolae_ecumenical_oubliette,
          amcnicky_mini_rare_corridor_liquid
D:3:      layout_basic, grunt_temple_overflow_forces_of_nature,
          nicolae_hepliaklqana_hippocampus, xom_butterflies,
          nicolae_overflow_hallway_of_the_gods, serial_shops, shop
D:4:      layout_loops_corners, temple_pool_b, portal_sewer_entry_e, uniq_robin
D:5:      layout_rooms, amcnicky_altar_gilded, dk_vineyard_1
D:6:      layout_loops_ring, serial_shops, shop, kennysheep_generic_room_11
D:7:      layout_basic, minmay_manual_monstrance
D:8:      layout_loops_corners, serial_bayou_lagoon_b
D:9:      wander_kiku_kobolds, layout_cave_pods, lair_entry_dummy,
          zombieorc2_lemuel, serial_park_tiny_2
D:10:     layout_stronghold, palyth_temple_overflow_mages, nicolae_blasting_shop
D:11:     layout_grid_maze, portal_ice_cave_entry_pillars_2,
          evilmike_ruin_ashenzari
D:12:     layout_stronghold, hellmonk_ghost_big_iron
D:13:     layout_irregular_city, david_vaults_1, minivault_16, uniq_sonja,
          uniq_frances, uniq_erolcha, uniq_snorg
D:14:     layout_grid_maze, serial_shops, nicolae_shop_statue_plus,
          minmay_misc_feat_ornament
D:15:     grunt_enter_depths_snipers, layout_basic, nicolae_inconvenience_store,
          nicolae_titane
Temple:   nicolae_temple_ecumenical_triangle
Lair:1:   layout_gridlike, gauntlet_entry_generic, serial_bayou_shore_a,
          grunt_megastairs_3, uniq_urug
Lair:2:   layout_concentric_octagons
Lair:3:   layout_layer_cave, swamp_mist, minmay_snake_entry_guardpost_small,
          small_statue_intersection, grunt_megastairs_5, uniq_amaemon
Lair:4:   layout_roguey, minmay_slime_entry_oklob_enclosed
Lair:5:   minmay_lair_end_frog_pond, layout_loops_ring,
          ebering_ghost_disaster_area, ldierk_geyser, st_stairs_8
Swamp:1:  layout_basic_swamp, serial_swamp_ruin, evilmike_swamp_ruin_house_5,
          evilmike_swamp_ruin_house_1
Swamp:2:  layout_basic_swamp, evilmike_swamp_ruin_house_4, st_swamp_ruins_1,
          infiniplex_staircase_pool_2
Swamp:3:  layout_basic_swamp, nicolae_swamp_godswood, swamp_pool3, uniq_nikola
Swamp:4:  swamp_icy, layout_basic_swamp, swamp_pool1, uniq_donald, uniq_mara
Snake:1:  layout_basic, special_room, grunt_ministairs_2,
          fake_guardian_serpent_vault
Snake:2:  layout_cave_town, basic_altar, uniq_vashnia
Snake:3:  layout_rooms, uniq_azrael
Snake:4:  grunt_snake_rune_serpentine_throne, layout_cave_town
Slime:1:  layout_caves, nicolae_slime_barrier
Slime:2:  layout_caves
Slime:3:  nicolae_slime_pool, layout_caves
Slime:4:  layout_caves, special_room [special_room_jelly],
          cheibrodos_slime_lost_civilization_7
Slime:5
Orc:1:    layout_caves, nicolae_orc_lava_tube
Orc:2:    st_orc_ogre_mass, layout_caves, basic_altar, nicolae_shop_firing_range
Elf:1:    layout_rooms, orc_legates, nicolae_rare_books
Elf:2:    elven_hall_of_blades_hangedman_alternative [nicolae_blade_tridents],
          layout_loops_cross, serial_shops, shop, drop_trap, minivault_4,
          serial_sigils_hangedman_scar
Elf:3:    grunt_elf_hall_branching, layout_loops_corners,
          hangedman_elf_disciples, minmay_shoptagon
Vaults:1: mu_enter_wizlab_1, v_alt_pattern_5, vaults_room_semicircle,
          nicolae_vaults_circle_grid_a, ontoclasm_vaults_gallery,
          vaults_room_fours, v_misc_1, hangedman_vaults_corner_blocks,
          vaults_room_grunt_arrival_ludios, ontoclasm_vaults_shuriken,
          grunt_vaults_twisty, v_misc_16, v_misc_13, ontoclasm_vaults_chip,
          layout_vaults_ring
Vaults:2: v_misc_15, nicolae_vaults_network_quinsquares
          [nicolae_vaults_network_quincunx_subvault,
          nicolae_vaults_network_quincunx_subvault,
          nicolae_vaults_network_quincunx_subvault,
          nicolae_vaults_network_quincunx_subvault], v_misc_4,
          nicolae_vaults_network_quincunx
          [nicolae_vaults_network_quincunx_subvault,
          nicolae_vaults_network_quincunx_subvault,
          nicolae_vaults_network_quincunx_subvault,
          nicolae_vaults_network_quincunx_subvault,
          nicolae_vaults_network_quincunx_subvault], v_rooms_3, v_misc_27,
          nicolae_vaults_alarming, vaults_room_pools, layout_vaults_omnigrid,
          uniq_margery, uniq_xtahua, uniq_jory
Vaults:3: vaults_mumra_chevron, nicolae_vaults_asterisk,
          minmay_crypt_entry_simple_statues, v_misc_10, v_misc_28,
          nicolae_vaults_network_square, grunt_vaults_funnel,
          vaults_room_hallway, vaults_dpeg_ring,
          nicolae_vaults_mini_display_case, layout_vaults_big_room, uniq_zenata
Vaults:4: nicolae_vaults_disjoint_gnomons, v_misc_26, nicolae_vaults_triangles,
          v_misc_29, hangedman_vaults_corner_blocks, ontoclasm_vaults_shout,
          v_rooms_6, nicolae_vaults_network_barrier, vaults_dpeg_diagonal,
          v_alt_pattern_4, v_alt_pattern_3, nicolae_vaults_shelves_hall,
          layout_vaults_omnibox, serial_shops, shop
Vaults:5: serial_shops
Crypt:1:  layout_chaotic_city, grunt_crypt_arrival_guarded_gate,
          grunt_megastairs_1
Crypt:2:  layout_gridlike, roderic_lattice_octagonal_star
Crypt:3:  due_elkab, layout_chaotic_city, nicolae_tomb_entry_rubble_hallway
Depths:1: layout_cave_pools, nicolae_abyss_entry_one_way_or_another, hell_entry,
          serial_bayou_pond_b, nicolae_yredelemnul_ghost_church
Depths:2: minmay_firetagon, layout_gridlike, grunt_hell_entry_dis_grunt,
          pan_entry, minmay_misc_feat_doors, minmay_the_grid_2x2
          [minmay_the_grid_garden, minmay_the_grid_mess, minmay_the_grid_slots,
          minmay_the_grid_prize_diamond_cup]
Depths:3: hangedman_elemental_death_ray, layout_cave_shapes, enter_ziggurat_b,
          minmay_misc_feat_encased, grunt_hell_horde, abyss_entry_flame_altar,
          nicolae_ru_sacrificial_ziggurat
Depths:4: evilmike_zot_entry_round, layout_basic, minmay_misc_feat_roman,
          hell_entry, wheals_unrand_guarded_autumn_katana, uniq_boris,
          uniq_saint_roka
Zot:1:    layout_basic, zot_minivault_5
Zot:2:    layout_basic, nicolae_transmutations_shop, uniq_tiamat
Zot:3:    kennysheep_oblong_rooms, layout_concentric_octagons,
          st_small_dragon_hoard_3
Zot:4:    gammafunk_sealed_library, layout_twisted_circle
Zot:5:    layout_basic, skrybe_zot_glass_1

Skill      XL: |  1  2  3  4  5  6  7  8  9 10 11 12 13 14 15 16 17 18 19 20 21 22 23 24 25 26 27 |
---------------+----------------------------------------------------------------------------------+-----
Fighting       | 3 4 5 6 7 10 11 12 14 15 16 19 20 21 22 23 24 25 27 | 27.0
Stealth        | 1 2 5 7 10 | 10.5
Short Blades   | 1 2 |  2.0
Dodging        | 4 5 6 9 10 11 13 16 18 | 18.2
Armour         | 1 2 4 5 6 8 |  8.0
Ranged Weapons | 2 3 6 8 10 11 12 14 16 17 18 19 20 | 20.0
Invocations    | 2 4 5 6 8 10 11 12 14 16 18 19 20 | 20.9
Evocations     | 3 6 8 11 12 15 16 17 20 22 25 | 25.0
Long Blades    | 1 6 9 10 11 13 | 13.9
Shields        | 6 10 14 15 17 | 17.0
Maces & Flails | |  3.2
Throwing       | |  2.0

Action                   |  1- 3 |  4- 6 |  7- 9 | 10-12 | 13-15 | 16-18 | 19-21 | 22-24 | 25-27 || total
-------------------------+-------+-------+-------+-------+-------+-------+-------+-------+-------++-------
Melee: Short sword       |   121 |   240 |       |       |       |       |       |       |       ||   361
       Flail             |     2 |       |       |       |       |       |       |       |       ||     2
       Punch             |     2 |     1 |       |       |       |     1 |       |       |       ||     4
       Scimitar          |       |       |       |     1 |       |     2 |       |       |       ||     3
       Longbow           |       |       |       |       |     1 |       |       |       |       ||     1
       Katana            |       |       |       |       |       |       |       |    10 |    20 ||    30
 Fire: Sling             |       |    52 |    12 |       |       |       |       |       |       ||    64
       Greatsling        |       |       |    88 |   383 |       |       |       |       |       ||   471
       Longbow           |       |       |       |    86 |   983 |  1230 |  1441 |  1165 |       ||  4905
       Hand crossbow     |       |       |       |       |       |       |       |   684 |  1658 ||  2342
Throw: Throwing net      |     3 |       |       |     1 |     1 |       |     1 |       |       ||     6
       Javelin           |       |     5 |       |       |     1 |       |       |       |     5 ||    11
       Dart              |       |    11 |    12 |    14 |     1 |       |       |       |       ||    38
Invok: Ancestor Life: He |       |     1 |       |       |       |       |       |       |       ||     1
       Recall Ancestor   |       |       |       |     5 |    12 |     3 |     4 |     8 |    18 ||    50
       Idealise          |       |       |       |       |     2 |     7 |     2 |     5 |    11 ||    27
 Abil: Hop               |       |       |       |     3 |     2 |     8 |     4 |     6 |    10 ||    33
Evoke: Wand              |       |     1 |       |     6 |     6 |     1 |     2 |     1 |     2 ||    19
       Phial of floods   |       |       |       |       |     1 |     3 |     1 |     4 |     2 ||    11
       Lightning rod     |       |       |       |       |       |     8 |     8 |       |       ||    16
       Box of beasts     |       |       |       |       |       |     3 |     3 |     5 |     5 ||    16
       Condenser vane    |       |       |       |       |       |       |     4 |     2 |     3 ||     9
       Tin of tremorston |       |       |       |       |       |       |     4 |     7 |     5 ||    16
  Use: Scroll            |       |     8 |     5 |    11 |     5 |     6 |     3 |    18 |    18 ||    74
       Potion            |       |       |       |     4 |     1 |     4 |     1 |     8 |     7 ||    25
 Stab: Held in net/web   |     1 |       |       |       |       |       |       |       |       ||     1
       Sleeping          |     3 |     3 |       |       |       |     1 |       |       |       ||     7
       Distracted        |       |     2 |       |       |       |       |       |       |       ||     2
       Confused          |       |     1 |       |       |       |       |       |       |       ||     1
       Paralysed         |       |       |       |       |       |       |       |       |     7 ||     7
Armor: Leather armour    |    55 |   103 |     5 |       |       |     8 |    81 |    80 |   162 ||   494
       Ring mail         |       |       |       |    57 |    69 |    73 |       |       |       ||   199
       Acid dragon scale |       |       |       |       |    55 |       |       |       |       ||    55
       Scale mail        |       |       |       |       |       |    11 |       |       |       ||    11
       Swamp dragon scal |       |       |       |       |       |    11 |       |       |       ||    11
Dodge: Dodged            |    82 |   165 |     1 |   115 |   233 |   231 |   220 |   269 |   437 ||  1753
Block: Kite shield       |       |       |       |       |       |       |       |    93 |   355 ||   448
       Reflection        |       |       |       |       |       |       |       |    10 |    13 ||    23

Table legend: (Time is in decaauts)
 A = Elapsed time spent in this place.
 B = Non-inter-level travel time spent in this place.
 C = Inter-level travel time spent in this place.
 D = Time resting spent in this place.
 E = Time spent auto-exploring this place.
 F = Levels seen in this place.
 G = Mean time per level.
                   A        B        C        D        E       F      G
               +--------+--------+--------+--------+--------+-----+--------+
         Total |  89771 |  75129 |  14642 |  20110 |  33609 |  60 | 1496.2 |
       Dungeon |  23255 |  16777 |   6478 |   2315 |   9675 |  15 | 1550.3 |
        Temple |     46 |     35 |     11 |      0 |     32 |   1 |   46.0 |
          Lair |   6892 |   5727 |   1165 |   1140 |   2940 |   5 | 1378.4 |
         Swamp |   4612 |   4230 |    382 |   1582 |   1535 |   4 | 1153.0 |
     Snake Pit |   5996 |   5430 |    566 |   1415 |   2581 |   4 | 1499.0 |
    Slime Pits |   3694 |   3622 |     72 |   2236 |    248 |   5 |  738.8 |
  Orcish Mines |   2122 |   1858 |    264 |    392 |    975 |   2 | 1061.0 |
   Elven Halls |   5287 |   4973 |    314 |   1989 |   1788 |   3 | 1762.3 |
        Vaults |  12274 |   9635 |   2639 |   1963 |   4671 |   5 | 2454.8 |
         Crypt |   5585 |   5266 |    319 |   1491 |   2048 |   3 | 1861.7 |
        Depths |   7997 |   6285 |   1712 |   1412 |   3320 |   4 | 1999.2 |
           Zot |  10720 |  10005 |    715 |   3794 |   3432 |   5 | 2144.0 |
         Sewer |    738 |    738 |      0 |    232 |    176 |   1 |  738.0 |
      Ice Cave |     12 |     12 |      0 |      0 |      0 |   1 |   12.0 |
        Wizlab |    107 |    107 |      0 |     72 |      0 |   1 |  107.0 |
      Gauntlet |    428 |    428 |      0 |     71 |    185 |   1 |  428.0 |
               +--------+--------+--------+--------+--------+-----+--------+

Top non-repeatable levels by time:
   Zot:5: 3384 daAuts
   Elf:3: 2899 daAuts
Depths:4: 2846 daAuts
Vaults:4: 2608 daAuts
Vaults:1: 2539 daAuts
Vaults:2: 2477 daAuts
Vaults:5: 2460 daAuts
     D:9: 2452 daAuts
   Zot:2: 2410 daAuts
 Crypt:3: 2351 daAuts
    D:14: 2228 daAuts
 Slime:5: 2197 daAuts
Vaults:3: 2188 daAuts
 Snake:4: 2157 daAuts
   Zot:3: 2136 daAuts
